 Dungeon Crawl Stone Soup version 0.25-a0-700-g7f8a7979f0 (webtiles) character file.

Game seed: 7701868755897251701, levelgen mode: deterministic

5 Esekla the Skirmisher (level 1, -5/23 HPs)
             Began as a Gnoll Abyssal Knight on Apr 2, 2020.
             Was a Follower of Lugonu.
             Slain by a neqoxec (12 damage)
             ... on level 1 of the Abyss.
             The game lasted 00:00:54 (75 turns).

Esekla the Skirmisher (Gnoll Abyssal Knight)          Turns: 75, Time: 00:00:55

Health: -5/23      AC:  3    Str: 14      XL:     1   Next: 80%
Magic:  3/3        EV: 12    Int: 12 (14) God:    Lugonu [*.....]
Gold:   0          SH:  0    Dex: 14      Spells: 0/0 levels left

rFire    . . .     SeeInvis .   a - +1 falchion
rCold    . . .     Gourm    .   (no shield)
rNeg     . . .     Faith    .   b - +0 leather armour
rPois    .         Spirit   .   (no helmet)
rElec    .         Reflect  .   (no cloak)
rCorr    .         Harm     .   (no gloves)
MR       .....                  (no boots)
Stlth    +.........             (no amulet)
HPRegen  0.07/turn              (no ring)
MPRegen  0.08/turn              (no ring)

@: no status effects
A: distributed training, fangs 1, strong nose
a: Depart the Abyss, Renounce Religion


You were on level 1 of the Abyss.
You worshipped Lugonu.
Lugonu was aware of your devotion.
You were not hungry.

You visited 0 branches of the dungeon, and saw 0 of its levels.
You visited the Abyss 1 time.

Inventory:

Hand Weapons
 a - a +1 falchion (weapon)
Armour
 b - a +0 leather armour (worn)
Comestibles
 c - a ration


   Skills:
 + Level 6.4 Fighting
 + Level 0.1 Short Blades
 + Level 4.4 Long Blades
 + Level 0.1 Axes
 + Level 0.1 Maces & Flails
 + Level 0.1 Polearms
 + Level 0.1 Staves
 + Level 0.1 Slings
 + Level 0.1 Bows
 + Level 0.1 Crossbows
 + Level 0.1 Throwing
 + Level 4.4 Armour
 + Level 2.4 Dodging
 + Level 0.1 Stealth
 + Level 0.1 Shields
 + Level 0.1 Unarmed Combat
 + Level 0.1 Spellcasting
 + Level 0.1 Conjurations
 + Level 0.1 Hexes
 + Level 0.1 Charms
 + Level 0.1 Summonings
 + Level 0.1 Necromancy
 + Level 0.1 Translocations
 + Level 0.1 Transmutations
 + Level 0.1 Fire Magic
 + Level 0.1 Ice Magic
 + Level 0.1 Air Magic
 + Level 0.1 Earth Magic
 + Level 0.1 Poison Magic
 + Level 4.4 Invocations
 + Level 0.1 Evocations


You couldn't memorise any spells.
You didn't know any spells.
Your spell library was empty.

Dungeon Overview and Level Annotations

Branches:
Dungeon (0/15)

Altars:


Innate Abilities, Weirdness & Mutations

Your experience applies equally to all skills.
You have very sharp teeth.
Your uncanny sense of smell can sniff out nearby items.


Message History

The neqoxec gestures at you.
You feel dopey. Something feeds on your intellect!
You hit the neqoxec. You bite the neqoxec, but do no damage.
The neqoxec is moderately wounded.
The neqoxec hits you but does no damage.
You slash the neqoxec!
The neqoxec is heavily wounded.
The neqoxec gestures at you.
Something tries to feed on your intellect!
The neqoxec hits you!
You barely miss the neqoxec. You bite the neqoxec, but do no damage.
The neqoxec is heavily wounded.
The neqoxec gestures at you.
Something tries to feed on your intellect!
You hit the neqoxec but do no damage. Your bite misses the neqoxec.
The neqoxec is heavily wounded.
The neqoxec hits you!
Ouch! That really hurt!
You die...

# ##
#.#####.#.##..
#.#
#.........# #
#...#... ####
# ..#.# #.3 .
.. ## ## ..##
# # .#..#
###.# .# .
#@3## .. .#..
#### . # . .


You could see a neqoxec.

Vanquished Creatures
  An ufetubus (Abyss:1)
1 creature vanquished.

Notes
Turn   | Place    | Note
-------+----------+-------------------------------------------
     0 | Abyss:1  | Esekla the Gnoll Abyssal Knight began the quest for the
                  | Orb.
     0 | Abyss:1  | Reached XP level 1. HP: 23/23 MP: 3/3
    47 | Abyss:1  | Found a corrupted altar of Lugonu.
    49 | Abyss:1  | Noticed an iron imp
    50 | Abyss:1  | Noticed a neqoxec
    75 | Abyss:1  | Slain by a neqoxec

Levels and vault maps discovered:
Abyss:1

Action                   || total
-------------------------++-------
Melee: Falchion          ||    10
       Bite              ||     3
Armor: Leather armour    ||     4
Dodge: Dodged            ||     8
       Rpst.: Falchion   ||     2

Table legend:
 A = Non-vault XP
 B = Vault XP
 C = Vault XP percentage of total XP
 D = Non-vault monster count
 E = Vault monster count
 F = Vault count percentage of total count
                 A         B        C        D         E       F
            +---------+---------+-------+---------+---------+-------
      Total |       8 |       0 |   0.0 |       1 |       0 |   0.0
            +---------+---------+-------+---------+---------+-------
    Abyss:1 |       8 |       0 |   0.0 |       1 |       0 |   0.0
            +---------+---------+-------+---------+---------+-------
